[ AOE2 MATCH · #504555679 ]
UnrankedHuns vs Sicilians
Player's team · LOSS
Rival team · WIN
[ REPLAY ANALYSIS · EXTRACTED FROM THE RECORDED GAME ]
Feudal
9:32
Castle
19:52
Imperial
—
| APM avg | 26.6 |
| APM peak | 50 |
| eAPM avg | 16.3 |
| Villagers / military | 37 / 14 |
Focus
⚔️ 30.7% · 🌾 69.3%
Spearman ×5 · Cavalry Archer ×4 · Scout Cavalry ×3 · Mangonel ×1 · Scorpion ×1
Feudal
8:34
Castle
19:18
Imperial
—
| APM avg | 101.6 |
| APM peak | 148 |
| eAPM avg | 59.1 |
| Villagers / military | 62 / 34 |
Focus
⚔️ 72.2% · 🌾 27.8%
Archer ×23 · Scout Cavalry ×9 · Spearman ×2
Match map
Initial resources + every placement click. Lines = walls · curves = elevation contours. ◆ gold · ⬟ stone · ● berries · ✦ relic · ◌ wall gap
Your base· ✓ Closed at 19:52 · 52t walls · 1 gate(s)
ImperPok's base· Open — 8t gap
Smoothed initial terrain · ◌ = detected wall gap · hover for details
Inputs per minute
— musialaseinjamal - - ImperPok
Build order — musialaseinjamal
108 actions detected in the replay
| 0:02 | Queue | Villager (Male) |
| 0:15 | Queue | Villager (Male) |
| 0:16 | Queue | Villager (Male) |
| 0:16 | Queue | Villager (Male) |
| 1:21 | Queue | Villager (Male) |
| 2:03 | Queue | Villager (Male) |
| 2:03 | Queue | Villager (Male) |
| 2:33 | Build | Lumber Camp |
| 2:45 | Queue | Villager (Male) |
| 2:59 | Queue | Villager (Male) |
| 3:50 | Queue | Villager (Male) |
| 3:50 | Queue | Villager (Male) |
| 3:50 | Queue | Villager (Male) |
| 4:55 | Queue | Villager (Male) |
| 5:27 | Queue | Villager (Male) |
| 5:28 | Queue | Villager (Male) |
| 5:31 | Build | Mill |
| 5:38 | Queue | Villager (Male) |
| 6:38 | Research | Loom |
| 7:22 | Research | Feudal Age |
| 8:23 | Build | Barracks |
| 9:14 | Queue | Villager (Male) |
| 9:14 | Queue | Villager (Male) |
| 9:32 | Age | Feudal Age |
| 9:33 | Build | Stable |
| 9:41 | Research | Double-Bit Axe |
| 10:05 | Build | Mill |
| 10:17 | Queue | Villager (Male) |
| 10:17 | Queue | Villager (Male) |
| 10:20 | Queue | Scout Cavalry |
| 10:20 | Queue | Scout Cavalry |
| 10:47 | Queue | Spearman |
| 10:48 | Queue | Villager (Male) |
| 10:53 | Research | Horse Collar |
| 11:02 | Build | Farm |
| 11:03 | Build | Farm |
| 11:05 | Build | Farm |
| 11:18 | Queue | Villager (Male) |
| 11:21 | Build | Farm |
| 11:23 | Build | Farm |
| 11:28 | Queue | Scout Cavalry |
| 11:44 | Build | Farm |
| 12:23 | Queue | Villager (Male) |
| 12:28 | Build | Farm |
| 12:30 | Queue | Villager (Male) |
| 12:31 | Queue | Villager (Male) |
| 12:48 | Build | Palisade Wall |
| 12:49 | Queue | Villager (Male) |
| 12:50 | Queue | Spearman |
| 12:53 | Build | Farm |
| 12:55 | Build | Farm |
| 13:01 | Build | Market |
| 13:05 | Build | Palisade Wall |
| 13:06 | Build | Palisade Wall |
| 13:25 | Queue | Spearman |
| 13:40 | Queue | Spearman |
| 13:41 | Queue | Villager (Male) |
| 13:48 | Build | Palisade Wall |
| 13:54 | Build | Farm |
| 13:57 | Build | Farm |
| 14:00 | Build | Farm |
| 14:03 | Build | Farm |
| 14:17 | Build | Palisade Gate |
| 14:18 | Build | Palisade Wall |
| 14:30 | Queue | Spearman |
| 14:54 | Queue | Villager (Male) |
| 14:56 | Build | Farm |
| 14:59 | Queue | Villager (Male) |
| 15:06 | Build | Palisade Wall |
| 15:08 | Build | Palisade Wall |
| 15:09 | Build | Palisade Wall |
| 15:19 | Build | Palisade Wall |
| 15:19 | Build | Palisade Wall |
| 15:22 | Queue | Villager (Male) |
| 15:41 | Build | Farm |
| 15:46 | Queue | Villager (Male) |
| 15:58 | Build | Farm |
| 16:13 | Build | Palisade Wall |
| 16:28 | Queue | Villager (Male) |
| 16:59 | Queue | Villager (Male) |
| 17:12 | Research | Castle Age |
| 17:19 | Build | Lumber Camp |
| 17:24 | Build | Mining Camp |
| 17:43 | Build | Palisade Wall |
| 18:00 | Research | Gold Mining |
| 18:18 | Build | Blacksmith |
| 19:07 | Build | Archery Range |
| 19:38 | Research | Wheelbarrow |
| 19:52 | Age | Castle Age |
| 19:57 | Research | Fletching |
| 19:57 | Research | Padded Archer Armor |
| 20:15 | Queue | Cavalry Archer |
| 20:15 | Queue | Cavalry Archer |
| 20:20 | Build | Palisade Wall |
| 20:26 | Queue | Villager (Male) |
| 20:32 | Build | Siege Workshop |
| 20:40 | Build | Palisade Wall |
| 20:41 | Build | Palisade Wall |
| 21:01 | Queue | Scorpion |
| 21:10 | Queue | Villager (Male) |
| 21:11 | Queue | Villager (Male) |
| 21:25 | Queue | Mangonel |
| 21:26 | Queue | Villager (Male) |
| 21:30 | Research | Bodkin Arrow |
| 22:09 | Build | Palisade Wall |
| 22:11 | Build | Palisade Wall |
| 22:22 | Queue | Cavalry Archer |
| 22:22 | Queue | Cavalry Archer |
Build order — ImperPok
First 150 of 161 actions detected
| 0:00 | Queue | Villager (Male) |
| 0:01 | Queue | Villager (Male) |
| 0:01 | Build | House |
| 0:02 | Build | House |
| 0:14 | Queue | Villager (Male) |
| 0:17 | Queue | Villager (Male) |
| 0:17 | Queue | Villager (Male) |
| 1:29 | Queue | Villager (Male) |
| 2:00 | Queue | Villager (Male) |
| 2:12 | Queue | Villager (Male) |
| 2:17 | Build | Lumber Camp |
| 2:45 | Queue | Villager (Male) |
| 2:45 | Queue | Villager (Male) |
| 3:01 | Queue | Villager (Male) |
| 3:30 | Queue | Villager (Male) |
| 3:31 | Queue | Villager (Male) |
| 3:39 | Queue | Villager (Male) |
| 3:47 | Build | House |
| 4:12 | Queue | Villager (Male) |
| 4:14 | Queue | Villager (Male) |
| 4:14 | Queue | Villager (Male) |
| 4:46 | Queue | Villager (Male) |
| 4:46 | Queue | Villager (Male) |
| 4:50 | Queue | Villager (Male) |
| 4:59 | Queue | Villager (Male) |
| 5:02 | Queue | Villager (Male) |
| 5:31 | Build | Mill |
| 6:24 | Research | Feudal Age |
| 6:24 | Research | Feudal Age |
| 7:39 | Queue | Villager (Male) |
| 7:50 | Build | Barracks |
| 7:51 | Build | House |
| 8:34 | Age | Feudal Age |
| 8:42 | Build | House |
| 8:46 | Build | Stable |
| 8:54 | Queue | Villager (Male) |
| 8:58 | Research | Double-Bit Axe |
| 8:58 | Research | Double-Bit Axe |
| 9:04 | Build | Palisade Wall |
| 9:09 | Build | Palisade Wall |
| 9:11 | Build | Palisade Wall |
| 9:11 | Build | Palisade Wall |
| 9:23 | Queue | Villager (Male) |
| 9:34 | Queue | Villager (Male) |
| 9:41 | Queue | Scout Cavalry |
| 9:43 | Queue | Villager (Male) |
| 9:50 | Queue | Villager (Male) |
| 9:51 | Build | Mill |
| 10:07 | Build | Farm |
| 10:10 | Queue | Scout Cavalry |
| 10:10 | Queue | Scout Cavalry |
| 10:10 | Queue | Scout Cavalry |
| 10:11 | Queue | Villager (Male) |
| 10:21 | Build | House |
| 10:28 | Build | Farm |
| 10:39 | Build | Farm |
| 10:43 | Queue | Villager (Male) |
| 10:43 | Queue | Villager (Male) |
| 10:45 | Queue | Scout Cavalry |
| 11:07 | Queue | Villager (Male) |
| 11:09 | Build | Farm |
| 11:12 | Queue | Spearman |
| 11:13 | Queue | Spearman |
| 11:19 | Build | Palisade Wall |
| 11:22 | Build | House |
| 11:26 | Build | Farm |
| 11:31 | Queue | Villager (Male) |
| 11:31 | Queue | Villager (Male) |
| 11:44 | Build | Farm |
| 11:48 | Queue | Villager (Male) |
| 11:54 | Queue | Scout Cavalry |
| 11:54 | Queue | Scout Cavalry |
| 11:57 | Build | House |
| 11:58 | Build | Palisade Wall |
| 12:18 | Queue | Scout Cavalry |
| 12:19 | Queue | Scout Cavalry |
| 12:21 | Queue | Villager (Male) |
| 12:22 | Build | Farm |
| 12:32 | Build | Farm |
| 12:44 | Queue | Villager (Male) |
| 12:49 | Research | Loom |
| 12:50 | Research | Loom |
| 12:53 | Queue | Villager (Male) |
| 12:55 | Build | Farm |
| 13:01 | Queue | Villager (Male) |
| 13:07 | Build | Palisade Gate |
| 13:08 | Build | Palisade Wall |
| 13:10 | Build | Palisade Wall |
| 13:12 | Queue | Villager (Male) |
| 13:16 | Build | Farm |
| 13:22 | Queue | Villager (Male) |
| 13:32 | Build | Farm |
| 13:37 | Queue | Villager (Male) |
| 13:42 | Build | Farm |
| 13:59 | Queue | Villager (Male) |
| 14:22 | Build | Archery Range |
| 14:31 | Queue | Villager (Male) |
| 14:53 | Queue | Villager (Male) |
| 15:00 | Build | Mining Camp |
| 15:11 | Build | House |
| 15:22 | Queue | Villager (Male) |
| 15:29 | Queue | Villager (Male) |
| 15:56 | Build | Archery Range |
| 16:38 | Research | Castle Age |
| 16:50 | Build | Blacksmith |
| 17:06 | Queue | Archer |
| 17:06 | Queue | Archer |
| 17:16 | Queue | Archer |
| 17:16 | Queue | Archer |
| 17:17 | Build | House |
| 17:42 | Build | House |
| 17:51 | Queue | Archer |
| 17:54 | Research | Fletching |
| 18:07 | Queue | Archer |
| 18:07 | Queue | Archer |
| 18:13 | Queue | Villager (Male) |
| 18:16 | Build | House |
| 18:25 | Queue | Archer |
| 18:35 | Queue | Villager (Male) |
| 18:39 | Queue | Archer |
| 18:40 | Queue | Archer |
| 18:43 | Research | Gold Mining |
| 18:46 | Build | House |
| 19:18 | Age | Castle Age |
| 19:19 | Research | Horse Collar |
| 19:21 | Research | Crossbowman (upgrade) |
| 19:25 | Research | Bodkin Arrow |
| 19:25 | Research | Bodkin Arrow |
| 19:28 | Queue | Archer |
| 19:28 | Queue | Archer |
| 19:45 | Queue | Villager (Male) |
| 19:54 | Queue | Villager (Male) |
| 19:55 | Queue | Archer |
| 20:07 | Queue | Archer |
| 20:07 | Queue | Archer |
| 20:07 | Queue | Archer |
| 20:31 | Build | Town Center |
| 20:43 | Queue | Archer |
| 20:44 | Queue | Archer |
| 20:44 | Queue | Villager (Male) |
| 21:01 | Queue | Archer |
| 21:07 | Queue | Archer |
| 21:07 | Queue | Archer |
| 21:08 | Queue | Villager (Male) |
| 21:16 | Queue | Archer |
| 21:16 | Queue | Archer |
| 21:19 | Queue | Villager (Male) |
| 21:21 | Queue | Villager (Male) |
| 21:24 | Queue | Villager (Male) |
| 21:41 | Build | Town Center |
Match timeline
| 7:50 | ImperPok · first_building Barracks |
| 8:23 | musialaseinjamal · first_building Barracks |
| 8:34 | ImperPok · age_up feudal |
| 8:46 | ImperPok · first_building Stable |
| 9:04 | ImperPok · wall_segment Palisade Wall x4 |
| 9:09 | ImperPok · wall_segment Palisade Wall x3 |
| 9:11 | ImperPok · wall_segment Palisade Wall x10 |
| 9:11 | ImperPok · wall_segment Palisade Wall x2 |
| 9:32 | musialaseinjamal · age_up feudal |
| 9:33 | musialaseinjamal · first_building Stable |
| 11:19 | ImperPok · wall_segment Palisade Wall x1 |
| 11:58 | ImperPok · wall_segment Palisade Wall x3 |
| 12:48 | musialaseinjamal · wall_segment Palisade Wall x7 |
| 13:05 | musialaseinjamal · wall_segment Palisade Wall x1 |
| 13:06 | musialaseinjamal · wall_segment Palisade Wall x1 |
| 13:08 | ImperPok · wall_segment Palisade Wall x2 |
| 13:10 | ImperPok · wall_segment Palisade Wall x4 |
| 13:48 | musialaseinjamal · wall_segment Palisade Wall x11 |
| 14:18 | musialaseinjamal · wall_segment Palisade Wall x5 |
| 14:22 | ImperPok · first_building Archery Range |
| 15:06 | musialaseinjamal · wall_segment Palisade Wall x5 |
| 15:08 | musialaseinjamal · wall_segment Palisade Wall x8 |
| 15:09 | musialaseinjamal · wall_segment Palisade Wall x1 |
| 15:19 | musialaseinjamal · wall_segment Palisade Wall x1 |
| 15:19 | musialaseinjamal · wall_segment Palisade Wall x1 |
| 16:13 | musialaseinjamal · wall_segment Palisade Wall x11 |
| 16:32 | musialaseinjamal · first_market_sell 100 wood |
| 17:43 | musialaseinjamal · wall_segment Palisade Wall x3 |
| 19:07 | musialaseinjamal · first_building Archery Range |
| 19:18 | ImperPok · age_up castle |
| 19:52 | musialaseinjamal · age_up castle |
| 20:20 | musialaseinjamal · wall_segment Palisade Wall x5 |
| 20:32 | musialaseinjamal · first_building Siege Workshop |
| 20:40 | musialaseinjamal · wall_segment Palisade Wall x1 |
| 20:41 | musialaseinjamal · wall_segment Palisade Wall x1 |
| 21:18 | musialaseinjamal · first_market_buy 100 wood |
| 22:09 | musialaseinjamal · wall_segment Palisade Wall x1 |
| 22:11 | musialaseinjamal · wall_segment Palisade Wall x1 |
| 22:53 | musialaseinjamal · resign |
[ AI ANALYSIS · 1 CREDIT ]
What really happened in this match?
Wolo.gg analyzes every decision: build order, eco, micro, common mistakes by bracket. Personalized analysis on WhatsApp or Discord in 30 seconds.
Civ guide
Huns
Perfil
musialaseinjamal